 Dungeon Crawl Stone Soup version 0.31-a0-4-gefa6de2278 (webtiles) character file.

Game seed: 7636460140601250916

65 Esekla the Sneak (level 4, 0/31 HPs)
             Began as an Octopode Delver on May 3, 2023.
             Was an Initiate of Gozag.
             Slain by a hobgoblin (6 damage)
             ... led by Robin
             ... on level 3 of the Dungeon.
             The game lasted 00:05:53 (1205 turns).

Esekla the Sneak (Octopode Delver)                  Turns: 1205, Time: 00:05:54

Health: 0/31       AC:  1    Str: 11    XL:     4   Next: 14%
Magic:  5/5        EV: 13    Int: 14    God:    Gozag
Gold:   136        SH:  0    Dex: 13    Spells: 5/5 levels left

rFire   . . .        a - +0 falchion
rCold   . . .        (no shield)
rNeg    . . .        (helmet restricted)
rPois   .            (no amulet)
rElec   .            (no ring)
rCorr   .            (no ring)
SInv    .            (no ring)
Will    .....        (no ring)
Stlth   +++++        (no ring)
HPRegen 0.25/turn    (no ring)
MPRegen 0.09/turn    (no ring)
                     (no ring)

%: no passive effects
@: no status effects
A: almost no armour, amphibious, 8 rings, camouflage 1, gelatinous body 1,
(nimble swimmer 1), tentacles
a: Renounce Religion, Potion Petition, Call Merchant, Bribe Branch


You were on level 3 of the Dungeon.
You worshipped Gozag.
Gozag was aware of your devotion.
You visited 2 branches of the dungeon, and saw 5 of its levels.

You collected 152 gold pieces.
You paid 16 gold pieces to Gozag.

Inventory:

Hand Weapons
 a - a +0 falchion (weapon)
 j - a +0 dagger
Missiles
 e - 5 boomerangs (quivered)
Wands
 f - a wand of digging (3)
Scrolls
 b - a scroll of fog
 d - a scroll of fear
 g - a scroll of amnesia {unknown}
 h - 2 scrolls of blinking {unknown}
 i - a scroll of poison {unknown}
Potions
 c - a potion of curing {unknown}


   Skills:
 * Level 3.3 Fighting
 * Level 2.4 Long Blades
 * Level 2.3 Dodging
 + Level 7.5 Stealth
 * Level 1.1 Spellcasting


You had 5 spell levels left.
You didn't know any spells.
Your spell library was empty.

Dungeon Overview and Level Annotations

Branches:
Dungeon (5/15)             Temple (1/1) D:5

Altars:
Cheibriados
Elyvilon
Fedhas
Gozag
Hepliaklqana
Kikubaaqudgha
Makhleb
Nemelex Xobeh
Okawaru
Ru
Trog
Uskayaw
Vehumet
Wu Jian
Xom
Yredelemnul
Zin
The Shining One

Annotations:
D:2 Robin
D:5 Menkaure


Innate Abilities, Weirdness & Mutations

You cannot wear most types of armour.
You are amphibious.
You can wear up to eight rings at the same time.
Your skin changes colour to match your surroundings (Stealth+).
Your rubbery body absorbs attacks. (AC +1, EV +1)
((You are camouflaged when in or above water. (Stealth+)))
You have tentacles for arms and can constrict up to eight enemies at once.


Message History

The goblin is severely wounded.
You constrict the goblin.
You kill the goblin!
You hit the goblin. Your grab misses the goblin.
The goblin is severely wounded.
The goblin hits you with a +0 dagger. x2
You closely miss the goblin. Your grab misses the goblin.
Your squeeze misses the goblin.
The goblin is severely wounded.
The goblin hits you with a +0 dagger.
You closely miss the goblin. Your grab misses the goblin.
The goblin is severely wounded.
The goblin closely misses you.
You hit the goblin.
You kill the goblin!
Robin, a goblin and a hobgoblin come into view.
The goblin shouts!
Robin roars a battlecry!
The goblins go into a battle-frenzy!
A goblin comes into view. It is wielding a +0 club.
The hobgoblin shouts!
Things that are here:
4 gold pieces; a +0 dagger
j - a +0 dagger You now have 136 gold pieces (gained 4).
The goblin is distracted by your dazzling golden aura.
The hobgoblin attacks as you move away! The hobgoblin completely misses you.
The goblin is distracted by your dazzling golden aura.
The hobgoblin attacks as you move away! The hobgoblin closely misses you.
The hobgoblin attacks as you move away! The hobgoblin hits you.
There is a stone staircase leading down here.
The hobgoblin hits you.
* * * LOW HITPOINT WARNING * * *
You climb downwards.
There is a stone staircase leading up here.
You closely miss the hobgoblin. Your grab misses the hobgoblin.
You squeeze the hobgoblin, but do no damage.
The hobgoblin hits you.
You die...
Your body crumbles into a pile of gold.

###.## #.# #....#
#.# #.#..# ##'#
#....# ##...
##<.#..### ##....
#..###..[# ##.....
#...#....####......
#g......... +......
#.@......####......
#.####...# ##.....
#........# ##....
######.### ##...
#.# ##'# #.# #.#
#.# #.# #.# ##.#
###.# ##...


You could see a hobgoblin (strong).

Vanquished Creatures
  A hound (D:5)
  An adder (D:5)
  2 worms (D:3)
  2 orcs
  A bat (D:3)
  4 endoplasms (D:3)
  A hobgoblin (D:3)
  A kobold (D:2)
  A quokka (D:3)
  3 ball pythons (D:3)
  2 goblins (D:2)
  2 rats (D:3)
21 creatures vanquished.

Vanquished Creatures (others)
  3 plants
3 creatures vanquished.

Grand Total: 24 creatures vanquished

Notes
Turn   | Place    | Note
-------+----------+-------------------------------------------
     0 | D:5      | Esekla the Octopode Delver began the quest for the Orb.
     0 | D:5      | Reached XP level 1. HP: 16/16 MP: 1/1
     7 | D:5      | Noticed a hound
   217 | D:5      | Noticed a jelly
   227 | D:5      | Killed a hound
   228 | D:5      | Reached skill level 7 in Stealth
   228 | D:5      | Reached XP level 2. HP: 21/21 MP: 2/2
   228 | D:5      | Reached XP level 3. HP: 26/26 MP: 3/3
   256 | D:5      | Found a staircase to the Ecumenical Temple.
   334 | D:5      | Noticed an ice beast
   336 | Temple   | Entered the Ecumenical Temple
   347 | Temple   | Became a worshipper of Gozag Ym Sagoz the Greedy
   407 | D:5      | Noticed Menkaure
   410 | D:5      | Found an iron altar of Okawaru.
   410 | D:5      | Found a white marble altar of Elyvilon.
   728 | D:4      | Noticed an orc warrior
   876 | D:3      | Reached skill level 1 in Spellcasting
   999 | D:3      | Found a faded altar of an unknown god.
  1065 | D:3      | Reached XP level 4. HP: 28/31 MP: 5/5
  1194 | D:2      | Noticed Robin
  1205 | D:3      | Slain by a hobgoblin

Illustrated notes

Levels and vault maps discovered:
D:2:      layout_loops_ring, minivault_25, chequers_big_river, uniq_robin,
          uniq_terence, uniq_jessica
D:3:      layout_loops_corners, ebering_ecumenical_altar_abandoned
D:4:      layout_loops_ring, grunt_dithmenos_smoke, serial_bayou,
          serial_bayou_pond_a, serial_bayou_crossing, serial_bayou_ford_a,
          serial_bayou_lagoon_a, serial_bayou_pond_d, serial_bayou_shore_b,
          uniq_grinder
D:5:      layout_basic, gammafunk_temple_overflow_elements,
          minmay_temple_entry_trees, uniq_menkaure, uniq_prince_ribbit1,
          uniq_eustachio
Temple:   lightli_temple_of_artemis

Skill      XL: |  1  2  3 |
---------------+----------+-----
Stealth        | 7 |  7.5
Spellcasting   | 1 |  1.1
Fighting       | |  3.3
Long Blades    | |  2.4
Dodging        | |  2.3

Action                     |  1- 3 |  4- 6 || total
---------------------------+-------+-------++-------
  Melee: Falchion          |    23 |    14 ||    37
         Tentacles         |     6 |     4 ||    10
         Constrict         |     6 |     2 ||     8
    Use: Scroll            |     1 |       ||     1
         Potion            |     1 |       ||     1
   Stab: Sleeping          |     9 |     1 ||    10
 Armour: Skin              |     1 |       ||     1
  Dodge: Dodged            |    12 |     7 ||    19

Table legend: (Time is in decaauts)
 A = Elapsed time spent in this place.
 B = Non-inter-level travel time spent in this place.
 C = Inter-level travel time spent in this place.
 D = Time resting spent in this place.
 E = Time spent auto-exploring this place.
 F = Levels seen in this place.
 G = Mean time per level.
                   A        B        C        D        E       F      G
               +--------+--------+--------+--------+--------+-----+--------+
         Total |   1196 |   1196 |      0 |    532 |     44 |   5 |  239.2 |
       Dungeon |   1145 |   1145 |      0 |    532 |     44 |   4 |  286.2 |
        Temple |     50 |     50 |      0 |      0 |      0 |   1 |   50.0 |
               +--------+--------+--------+--------+--------+-----+--------+

Top non-repeatable levels by time:
     D:5: 597 daAuts
     D:3: 414 daAuts
     D:4: 89 daAuts
  Temple: 50 daAuts
     D:2: 44 daAuts
